Cogmind - Beta 16 @@@ ROGUE MODE // 2025.12.08 @ 09:58:46 Player: shapeshifter Result: Destroyed by 9E-7YO(b) with Great Maul Performance ------------- Evolutions (1) 500 Regions Visited (6) 1200 Robots Destroyed (116) 580 Value Destroyed (2939) 2939 Prototype IDs (25) 500 Alien Tech Used (0) 0 Bonus (1949) 1949 TOTAL SCORE: 7668 Bonus ------- Follower Combat Kills 1233 Registered with UFD 300 Met Optimus in HQ 500 Friendly Fire -84 Cogmind --------- Core Integrity 0/400 Matter 295/300 Energy 340/340 System Corruption 3% Temperature Cool (0) Movement Core (1100) Ox21 Location -9/Scraptown Parts ------- > --- POWER (1) -------- Graviton Reactor > --- PROPULSION (3) --- Improved VSS Leg > --- UTILITY (3) ------ Advanced Cooling System High-capacity Storage Unit Light Regenerative Plating > --- WEAPON (2) ------- Heavy Hammer > --- INVENTORY (20) --- Graviton Reactor Cooled VTOL Module Advanced Cooling System Experimental Sensor Array Precision Matter Filter Advanced Weapon Cycler Experimental Power Shielding Centrium Light Armor Plating Graphene Brace CPS Tube (2) CPS Tube (2) PL-3XN's Ring of Power Peak State ------------ > --- POWER ------------ Improved Deuterium Engine > --- PROPULSION ------- Improved VSS Leg Improved VSS Leg Improved VSS Leg > --- UTILITY ---------- Advanced Cooling System High-capacity Storage Unit Centrium Light Armor Plating > --- WEAPON ----------- Autogun Helical Railgun > --- INVENTORY -------- Graviton Reactor Graviton Reactor Cooled VTOL Module Advanced Cooling System Experimental Sensor Array Precision Matter Filter Advanced Weapon Cycler Experimental Power Shielding Light Regenerative Plating Graphene Brace KN-7UR's Autopenetrator CPS Tube CPS Tube Heavy Hammer PL-3XN's Ring of Power [Rating: 55] Favorites ----------- Power Improved Ion Engine Engine Improved Ion Engine Reactor Graviton Reactor Propulsion Light Treads Treads Light Treads Leg Improved VSS Leg Hover Unit Cooled Gravmag System Flight Unit Improved Flight Unit Utility High-capacity Storage Unit Device Seismic Detector Storage High-capacity Storage Unit Hackware Hacking Suite Protection Medium Armor Plating Weapon Autogun Energy Gun EM Pulse Gun Ballistic Gun Autogun Ballistic Cannon Improved Light Cannon Launcher Improved Proton Missile Launcher Impact Weapon Heavy Hammer Special Melee Weapon Datajack Build | -11 -10 -10 -9 -9 -9 -9 ------- Run | Yrd Mat Min Mat Sto Rec Scr Slots Evolved 2 | . . . 2 . . . Power . | . . . . . . . Propulsion 1 | . . . 1 . . . Utility 1 | . . . 1 . . . Weapon . | . . . . . . . Parts Attached 76 | 7 4 3 24 14 4 20 Power 7 | 1 . 1 2 1 . 2 Engine 6 | 1 . 1 2 1 . 1 Core . | . . . . . . . Reactor 1 | . . . . . . 1 Propulsion 27 | 2 . 1 11 4 1 8 Treads 21 | 2 . 1 11 3 1 3 Leg 3 | . . . . . . 3 Wheel . | . . . . . . . Hover 1 | . . . . . . 1 Flight 2 | . . . . 1 . 1 Utility 17 | 2 1 . 4 3 2 5 Device 5 | 1 . . 2 . . 2 Storage 2 | 1 1 . . . . . Processor . | . . . . . . . Hackware 2 | . . . . 1 1 . Protection 8 | . . . 2 2 1 3 Artifact . | . . . . . . . Weapon 25 | 2 3 1 7 6 1 5 Energy Gun 4 | 2 . . . . . 2 Energy Cannon . | . . . . . . . Ballistic Gun 17 | . 3 1 7 4 1 1 Ballistic Cannon 1 | . . . . 1 . . Launcher 1 | . . . . . . 1 Special Weapon . | . . . . . . . Impact Weapon 1 | . . . . . . 1 Slashing Weapon . | . . . . . . . Piercing Weapon . | . . . . . . . Special Melee Weapon 1 | . . . . 1 . . Unidentified Prototypes 12 | . . . 2 1 1 8 Parts Lost 18 | . 1 2 3 . . 12 Power 3 | . . 1 . . . 2 Propulsion 6 | . . . 2 . . 4 Utility 2 | . . . 1 . . 1 Weapon 7 | . 1 1 . . . 5 Highest Loss Streak 6 | . 1 2 1 . . 6 To Critical Strikes . | . . . . . . . Average Backups 16 | 3 8 11 18 19 18 17 Power . | . . . 1 1 . . Propulsion 3 | 1 1 . 3 5 6 3 Utility 8 | . 4 8 7 7 8 10 Weapon 3 | . 1 2 5 5 2 2 Tool/Special . | . . . . . . . Unused Backups 69 | . 9 . 5 6 2 47 Power 3 | . 1 . . . . 2 Propulsion 12 | . 2 . 1 . . 9 Utility 41 | . 6 . 3 5 . 27 Weapon 9 | . . . 1 1 2 5 Tool/Special 4 | . . . . . . 4 Average Slot Usage (%) 99 | . 99 99 99 100 100 99 Engine 11 | . 14 13 11 11 11 10 Treads 31 | . 28 28 32 32 33 31 Device 5 | . 14 14 14 . . . Storage 11 | . 14 14 11 11 11 11 Hackware 4 | . . . . 10 18 2 Protection 10 | . . . 6 11 3 18 Ballistic Gun 21 | . 19 27 21 21 22 21 Peak Build Rating 55 | 7 11 11 19 21 25 55 Average Rating 19 | 4 9 10 16 20 21 25 On Entrance 12 | . 7 11 10 16 21 24 Avg Prop Armor Cover (%) 10 | . . . . . . 10 Naked Turns . | . . . . . . . Heaviest Build 69 | 15 52 52 62 61 60 69 Greatest Support 69 | 40 40 40 60 63 63 69 Greatest Overweight (x) 4 | . 1 1 1 . . 4 Average Overweight (x) . | . . 1 . . . . Largest Inventory Capacity 20 | 8 20 20 20 20 20 20 Average Capacity 19 | 7 14 20 20 20 20 20 Most Carried 20 | 6 12 12 20 20 20 20 Average Carried 16 | 3 8 11 18 19 18 17 Final Capacity 20 | 8 20 20 20 20 20 20 Final Carried 20 | 4 12 11 20 20 20 12 Class Distribution -------------------- 74% | Mutant 21% | Scavenger-Mutant 4% | Hacker-Mutant Dominant Class ---------------- Mutant | -10/Materials Mutant | -10/Mines Scavenger-Mutant | -9/Materials Mutant | -9/Storage Hacker-Mutant | -9/Recycling Mutant | -9/Scraptown Resources | -11 -10 -10 -9 -9 -9 -9 ----------- Run | Yrd Mat Min Mat Sto Rec Scr Matter Collected 3164 | 270 283 213 1027 646 152 573 Remotely . | . . . . . . . Salvage Created 4499 | 53 616 165 1838 590 106 1131 Parts 294 | 5 44 6 119 40 8 72 Haulers Intercepted 11 | . 2 . 6 3 . . Recyclers Shooed 1 | . . . . . 1 . Parts Field Recycled . | . . . . . . . Retrieved Matter . | . . . . . . . Parts Self-Destructed 3 | . . . . . . 3 Prevented . | . . . . . . . Parts Restored . | . . . . . . . Kills | -11 -10 -10 -9 -9 -9 -9 ------- Run | Yrd Mat Min Mat Sto Rec Scr Combat Hostiles Destroyed 77 | . 11 4 29 12 2 19 Guns 75 | . 11 4 29 12 2 17 AOE 2 | . . . . . . 2 Classes Destroyed 17 | 1 7 . 4 . . 5 Worker 6 | . 2 . 3 1 . . Builder 2 | . 1 . 1 . . . Tunneler 4 | 2 1 . 1 . . . Hauler 11 | . 2 . 6 3 . . Recycler 3 | . . . 3 . . . Operator 4 | . 1 . 1 2 . . Watcher 9 | . 3 . 5 1 . . Swarmer 17 | . 4 . 7 6 . . Grunt 28 | . 7 4 14 3 . . Brawler 1 | . . . 1 . . . Duelist 1 | . . . 1 . . . Sentry 11 | . . . 6 3 2 . Federalist 3 | . . . . . . 3 Explorer 1 | . . . . . . 1 Ranger 1 | . . . . . . 1 Scrapper 13 | . . . . . . 13 Mutant 1 | . . . . . . 1 Best Kill Streak 6 | 2 3 2 6 4 1 5 Combat Bots Only 5 | . 3 2 5 3 1 5 Max Kills in Single Turn 2 | 1 2 1 2 2 1 2 Gunslinging 1 | . 1 . . 1 . 1 Exploded 2 | . . . . . . 2 Melee . | . . . . . . . Uniques/NPCs Destroyed . | . . . . . . . Combat | -11 -10 -10 -9 -9 -9 -9 -------- Run | Yrd Mat Min Mat Sto Rec Scr Hostile Shots Fired 511 | . 54 50 159 59 12 177 Missed 130 | . 9 22 45 17 2 35 Hits 381 | . 45 28 114 42 10 142 Melee 8 | . . . 2 . . 6 Projectile 373 | . 45 28 112 42 10 136 Critical Strikes 16 | . . . 5 . . 11 Damage Taken 5318 | . 471 359 1317 459 149 2563 Core 540 | . 61 63 53 65 43 255 Absorbed by Shields . | . . . . . . . Regen/Repaired (Parts) 20 | . . . . . . 20 Core Remaining (%) 75 | 100 . 50 . . . . Volleys Fired 326 | 7 49 27 121 64 11 47 Largest 2 | 2 2 2 2 2 2 2 Hottest 120 | 80 80 46 46 46 46 120 Shots Fired 617 | 14 97 51 241 120 22 72 Gun 606 | 14 97 51 241 112 22 69 Cannon 8 | . . . . 8 . . Launcher 3 | . . . . . . 3 Special . | . . . . . . . Kinetic 555 | . 64 51 241 120 22 57 Thermal 12 | . . . . . . 12 Explosive . | . . . . . . . Electromagnetic 50 | 14 33 . . . . 3 Robot Hit Streak 14 | 5 9 9 12 11 14 7 Robot Miss Streak 5 | 1 3 3 5 3 1 5 Penetration Max 1 | . . . . . . 1 Secondary Targets 13 | . 1 1 5 2 . 4 Max Gunslinging Chain 1 | . 1 1 1 1 . 1 Shots Hit Robots 395 | 10 54 37 156 72 20 46 Core Hits 180 | 2 30 8 67 27 6 40 Critical Kills 2 | . . . 2 . . . Critical Parts Destroyed 4 | . . 1 1 1 . 1 Critical Strikes 6 | . . 1 3 1 . 1 Destroy 6 | . . 1 3 1 . 1 Melee Attacks 2 | . . . . . . 2 Impact 2 | . . . . . . 2 Slashing . | . . . . . . . Piercing . | . . . . . . . Sneak Attacks . | . . . . . . . Combat Hostiles . | . . . . . . . Follow-up Attacks . | . . . . . . . Damage Inflicted 6895 | 129 828 565 2386 1106 284 1597 Guns 6477 | 129 828 565 2386 1106 284 1179 Cannons . | . . . . . . . Explosions 352 | . . . . . . 352 Melee 66 | . . . . . . 66 Ramming . | . . . . . . . Kinetic 5605 | . 572 565 2386 1106 284 692 Thermal 605 | . . . . . . 605 Explosive . | . . . . . . . Electromagnetic 619 | 129 256 . . . . 234 Impact 66 | . . . . . . 66 Slashing . | . . . . . . . Piercing . | . . . . . . . Highest Corruption 3 | . . . . . . 3 Average Corruption 3 | . . . . . . 3 Corruption Purged . | . . . . . . . Corruption Blocked . | . . . . . . . Effects 1 | . . . . . . 1 Data Loss (minor) 1 | . . . . . . 1 Overload Shots . | . . . . . . . Overflow Damage . | . . . . . . . Projectiles . | . . . . . . . Explosions . | . . . . . . . Melee . | . . . . . . . Knockbacks . | . . . . . . . Impact . | . . . . . . . Kinetic . | . . . . . . . Secondary . | . . . . . . . Self-Inflicted Damage . | . . . . . . . Shots . | . . . . . . . Rammed . | . . . . . . . Targets Rammed . | . . . . . . . Kicked . | . . . . . . . Crushed . | . . . . . . . Highest Temperature 497 | 126 186 10 23 34 17 497 Average Temperature 83 | 64 57 5 8 10 6 183 Received Heat Transfer 2395 | . 156 204 507 108 54 1366 Effects 5 | . . . . . . 5 Shutdowns 1 | . . . . . . 1 Energy Bleed 2 | . . . . . . 2 Interference 1 | . . . . . . 1 Short Circuit 1 | . . . . . . 1 Siege Activations . | . . . . . . . Martial Activations . | . . . . . . . Shielding Activations . | . . . . . . . Robots Disrupted . | . . . . . . . Combat Hostiles . | . . . . . . . Robots Corrupted . | . . . . . . . Combat Hostiles . | . . . . . . . Parts Fried 3 | 1 . . . . . 2 Impact Corruptions . | . . . . . . . Robots Melted . | . . . . . . . Combat Hostiles . | . . . . . . . Parts Melted 5 | . . . . . . 5 Heat Transferred 571 | . . . . . . 571 Parts Sabotaged . | . . . . . . . Parts Stolen . | . . . . . . . Parts Stripped . | . . . . . . . Power Chain Reactions 1 | . . . . . . 1 Alert | -11 -10 -10 -9 -9 -9 -9 ------- Run | Yrd Mat Min Mat Sto Rec Scr Maximum Alert Level 1 | . . . 1 . . . Low Security (%) 86 | 100 100 100 51 100 100 . Level 1 13 | . . . 48 . . . Level 2 . | . . . . . . . Level 3 . | . . . . . . . Level 4 . | . . . . . . . Level 5 . | . . . . . . . High Security . | . . . . . . . Max Security . | . . . . . . . Peak Influence 368 | 5 79 77 368 142 116 . Initial 131 | . . 27 . 131 8 . Average 61 | . 17 6 164 29 37 . Influence Increases 2101 | 10 393 100 858 412 328 . Destroy 0b10 Robot/C 1160 | . 220 80 580 240 40 . Destroy 0b10 Robot/NC 195 | 10 50 . 100 35 . . Destroy Leader 300 | . 60 20 152 68 . . Successful Hack 80 | . 31 . 25 6 18 . Select Force Hacks 270 | . . . . . 270 . Disable Machine 60 | . . . . 60 . . Destroy Structure 6 | . 2 . 1 3 . . Lose Combat Pursuer 30 | . 30 . . . . . Influence Decreases 2101 | 10 322 171 546 701 351 . Entered New Map 240 | . . 44 . 181 15 . Time Decay 1824 | 10 315 117 526 520 336 . Lost Part 37 | . 7 10 20 . . . Squads Dispatched 7 | . 3 . 3 1 . . Investigation 1 | . . . 1 . . . Extermination . | . . . . . . . Reinforcement 6 | . 3 . 2 1 . . Assault . | . . . . . . . Garrison . | . . . . . . . Intercept . | . . . . . . . Searches Triggered . | . . . . . . . Construction Impeded . | . . . . . . . Haulers Reinforced . | . . . . . . . Active Scanning Responses . | . . . . . . . Cargo Convoy Interrupts . | . . . . . . . Stealth | -11 -10 -10 -9 -9 -9 -9 --------- Run | Yrd Mat Min Mat Sto Rec Scr Distress Signals 3 | . . . 3 . . . Communications Jammed . | . . . . . . . Distress Signals . | . . . . . . . Times Spotted 134 | . 18 4 38 17 5 52 Peak Tracking Total 7 | . 3 2 4 4 1 7 Tactical Retreats 2 | . 2 . . . . . Traps | -11 -10 -10 -9 -9 -9 -9 ------- Run | Yrd Mat Min Mat Sto Rec Scr Traps Triggered 1 | . 1 . . . . . Indirectly . | . . . . . . . Trap Hack Attempts 20 | . . . . 20 . . Triggered . | . . . . . . . Disarmed . | . . . . . . . Reprogrammed 1 | . . . . 1 . . Reused 1 | . . . . . . 1 Traps Extracted . | . . . . . . . Installed 1 | . . . . . . 1 Triggered . | . . . . . . . Most Traps Carried 1 | . . . . . . 1 Machines | -11 -10 -10 -9 -9 -9 -9 ---------- Run | Yrd Mat Min Mat Sto Rec Scr Machines Disabled 8 | . . . . 4 . 4 Max in Single Turn 1 | . . . . 1 . 1 Machines Repaired . | . . . . . . . Machines Dismantled . | . . . . . . . Machines Sabotaged . | . . . . . . . Overloaded Fab Kills . | . . . . . . . Hacking | -11 -10 -10 -9 -9 -9 -9 --------- Run | Yrd Mat Min Mat Sto Rec Scr Machines Accessed 42 | . 7 . 9 8 15 3 Terminals 27 | . 5 . 8 8 6 . Fabricators . | . . . . . . . Repair Stations . | . . . . . . . Recycling Units 12 | . 2 . 1 . 9 . Scanalyzers . | . . . . . . . Garrison Access . | . . . . . . . Total Hacks 105 | . 19 . 21 14 43 8 Successful 63 | . 8 . 11 8 28 8 Failed 42 | . 11 . 10 6 15 . Catastrophic 4 | . 1 . 2 1 . . Database Lockouts . | . . . . . . . Manual 65 | . 14 . 17 9 25 . Terminals 63 | . 14 . 17 14 18 . Fabricators . | . . . . . . . Repair Stations . | . . . . . . . Recycling Units 34 | . 5 . 4 . 25 . Scanalyzers . | . . . . . . . Garrison Access . | . . . . . . . Terminal Hacks 21 | . 3 . 4 3 3 8 Record 4 | . . . . . . 4 Part Schematic 1 | . . . . . 1 . Robot Schematic 1 | . . . . . 1 . Robot Analysis 3 | . . . . . . 3 Open Door 3 | . . . . 3 . . Terminal Index 1 | . . . 1 . . . Zone Layout 7 | . 3 . 3 . 1 . Proto ID Catalog 1 | . . . . . . 1 Fabricator Hacks . | . . . . . . . Repair Station Hacks . | . . . . . . . Recycling Unit Hacks 10 | . . . 1 . 9 . Retrieve Components 10 | . . . 1 . 9 . Scanalyzer . | . . . . . . . Garrison Access Hacks . | . . . . . . . Unauthorized Hacks 32 | . 5 . 6 5 16 . Terminals 23 | . 5 . 6 5 7 . Botnet 3 | . . . 1 . 2 . Skim 20 | . 5 . 5 5 5 . Fabricators . | . . . . . . . Repair Stations . | . . . . . . . Recycling Units 9 | . . . . . 9 . Tunnel 9 | . . . . . 9 . Scanalyzers . | . . . . . . . Garrison Access . | . . . . . . . Data Cores Recovered 1 | . . . . 1 . . Used . | . . . . . . . Hacking Detections 26 | . 6 . 8 4 8 . Full Trace Events 3 | . 1 . 1 . 1 . Feedback Events . | . . . . . . . Feedback Blocked . | . . . . . . . Robot Schematics Acquired 1 | . . . . . 1 . Robots Built . | . . . . . . . Authchips . | . . . . . . . Time . | . . . . . . . Total Robot Build Rating . | . . . . . . . Part Schematics Acquired 1 | . . . . . 1 . Parts Built . | . . . . . . . Authchips . | . . . . . . . Time . | . . . . . . . Total Part Build Rating . | . . . . . . . Part Studies Acquired . | . . . . . . . Parts Repaired . | . . . . . . . Time . | . . . . . . . Parts Recycled . | . . . . . . . Recycled Matter . | . . . . . . . Retrieved Matter . | . . . . . . . Retrieved Components 27 | . . . 8 . 19 . Parts Scanalyzed . | . . . . . . . Part Schematics Acquired . | . . . . . . . Parts Damaged . | . . . . . . . Bothacking | -11 -10 -10 -9 -9 -9 -9 ------------ Run | Yrd Mat Min Mat Sto Rec Scr Used RIF Installer . | . . . . . . . Robots Hacked . | . . . . . . . Non-combat . | . . . . . . . Combat . | . . . . . . . Robot Hacks Applied . | . . . . . . . Relay Couplers Released . | . . . . . . . Fabnet Peak Effective % . | . . . . . . . Robots Rewired . | . . . . . . . Allies Hacked . | . . . . . . . Hacks Repelled . | . . . . . . . Allies | -11 -10 -10 -9 -9 -9 -9 -------- Run | Yrd Mat Min Mat Sto Rec Scr Total Allies 1 | . . . . . . 1 Largest Group 1 | . . . . . . 1 Highest-Rated Group 82 | . . . . . . 82 Highest-Rated Ally 82 | . . . . . . 82 Total Orders . | . . . . . . . Ally Attacks 60 | . . . . . . 60 Total Damage 3316 | . . . . . . 3316 Kills 39 | . . . . . . 39 Allies Corrupted . | . . . . . . . Allies Melted 11 | . . . . . . 11 Intel | -11 -10 -10 -9 -9 -9 -9 ------- Run | Yrd Mat Min Mat Sto Rec Scr Active Infowar (turns) 5328 | 13 1382 1352 2468 113 . . Seismic 5328 | 13 1382 1352 2468 113 . . Robot Analysis Total 3 | . . . . . . 3 Derelict Logs Recovered 1 | . . 1 . . . . Drone Launches . | . . . . . . . Drone Recoveries . | . . . . . . . Exploration | -11 -10 -10 -9 -9 -9 -9 ------------- Run | Yrd Mat Min Mat Sto Rec Scr Turns Passed 14734 | 114 1382 1352 2485 2933 882 5586 Spaces Moved 6374 | 60 576 524 904 825 422 3063 Core 20 | 20 . . . . . . Treads 6331 | 40 576 524 904 825 422 3040 Legs 23 | . . . . . . 23 Wheels . | . . . . . . . Hover . | . . . . . . . Flight . | . . . . . . . Fastest Speed 50 | 50 160 240 160 160 160 160 Average Speed 172 | 123 198 240 180 160 160 160 Slowest Speed 450 | 160 240 240 240 160 160 450 Overloaded Moves . | . . . . . . . Propulsion Burnouts . | . . . . . . . Robots Hopped . | . . . . . . . Potential Cave-ins . | . . . . . . . Cave-ins Triggered . | . . . . . . . Exploration Rate (%) 71 | 4 81 89 68 71 96 88 Regions Visited 6 Branch Regions 4 Pre-discovered Areas 14 | . . 1 . 3 10 . Known Exits Taken 3 | . 1 . . 1 1 . Unknown Exits Taken 3 | 1 . 1 1 . . . Scrap Searched 9 | . . 1 . . . 8 Spaces Dug . | . . . . . . . Terrain Destroyed 4 | . . . . . . 4 Melee . | . . . . . . . Projectile 4 | . . . . . . 4 AOE . | . . . . . . . Terrain Rammed . | . . . . . . . Walls Destroyed . | . . . . . . . Machines Disabled . | . . . . . . . Actions | -11 -10 -10 -9 -9 -9 -9 --------- Run | Yrd Mat Min Mat Sto Rec Scr Total 9545 | 86 721 568 1525 2342 613 3690 Wait 2447 | 2 61 12 419 1389 157 407 Move 6368 | 59 575 523 903 824 421 3063 Hop . | . . . . . . . Pick Up 151 | 11 18 2 34 11 9 66 Fast Attach 6 | . 3 . 1 . . 2 Attach 31 | 7 1 2 8 . . 13 Detach 1 | . . . . . . 1 Swap 61 | . 1 1 16 18 6 19 Drop 131 | . 13 1 23 16 9 69 Fire 326 | 7 49 27 121 64 11 47 Melee 2 | . . . . . . 2 Ram . | . . . . . . . Kick . | . . . . . . . Crush . | . . . . . . . Escape Stasis . | . . . . . . . Rewire . | . . . . . . . Trap 21 | . . . . 20 . 1 Miscellaneous . | . . . . . . . Route ------- -11/Scrapyard -10/Materials (discovered 5 exits: *Mat x2 / *Min x2 / Sub) -10/Mines (discovered 4 exits: *Mat x2 / [*Exi] / Sub) -9/Materials (discovered 5 exits: *Mat x3 / [*Min] / *Sto) -9/Storage (discovered 2 exits: *Mat / *Rec) -9/Recycling (discovered 2 exits: [*Fac] / *Scr) -9/Scraptown (discovered 2 exits: [*Fac x2]) History --------- Turn | Location | Event 5 | -11/Scrapyard | Discovered new exit (range 15) 115 | -11/Scrapyard | Entered Materials 313 | -10/Materials | Build established: Mutant 366 | -10/Materials | Discovered new exit (range 14) 498 | -10/Materials | Discovered new exit (range 5) 777 | -10/Materials | Discovered new exit (range 16) 1288 | -10/Materials | Learned Storage emergency access door positions 1329 | -10/Materials | Learned Storage stockpile data 1358 | -10/Materials | Learned Storage emergency access door positions 1378 | -10/Materials | Learned Storage trap positions 1387 | -10/Materials | Learned Storage stockpile data 1388 | -10/Materials | Learned 4 Subcaves zone layouts 1394 | -10/Materials | Identified exit to Subcaves 1394 | -10/Materials | Identified exit to Mines 1410 | -10/Materials | Learned Storage security intel 1436 | -10/Materials | Learned location of 1 exit from Storage 1497 | -10/Materials | Entered Mines 1590 | -10/Mines | Discovered new exit (range 15) 1882 | -10/Mines | Learned location of Storage (-9) 1902 | -10/Mines | Deemed a non-threat by the Exiles lab entrance 1902 | -10/Mines | Discovered new exit (range 5) 1924 | -10/Mines | Discovered new exit (range 4) 2849 | -10/Mines | Entered Materials 2849 | -9/Materials | Evolved 2 slots: Propulsion x1, Utility x1 3221 | -9/Materials | Discovered new exit (range 15) 3249 | -9/Materials | Build established: Scavenger-Mutant 3737 | -9/Materials | Discovered new exit (range 5) 4682 | -9/Materials | Discovered new exit (range 5) 4727 | -9/Materials | Discovered new exit (range 16) 4885 | -9/Materials | Identified exit to Materials 4948 | -9/Materials | Learned location of 1 exit from Storage 4999 | -9/Materials | Learned location of 3 exits from Materials 5041 | -9/Materials | Learned 4 Recycling zone layouts 5107 | -9/Materials | Learned location of 2 exits from Materials 5159 | -9/Materials | Learned Storage machine intel 5334 | -9/Materials | Entered Storage 5336 | -9/Storage | Identified exit to Recycling 5337 | -9/Storage | Loaded intel: 21 trap records 5341 | -9/Storage | Loaded intel: 50 machine locations 5519 | -9/Storage | Used back door to open Recycling access 5917 | -9/Storage | Found Prototype Protection 6266 | -9/Storage | Met 01-MTF 6437 | -9/Storage | Learned location of Zion (-7) 6566 | -9/Storage | Build established: Mutant 6582 | -9/Storage | Learned Storage stockpile data 6611 | -9/Storage | Learned location of 1 exit from Recycling 6629 | -9/Storage | Learned 4 Recycling zone layouts 6637 | -9/Storage | Learned location of Recycling (-9) 6655 | -9/Storage | Learned Materials emergency access door positions 8267 | -9/Storage | Entered Recycling 8267 | -9/Recycling | Accompanied by 1 ally (01-MTF) 8268 | -9/Recycling | Identified exit to Scraptown 8474 | -9/Recycling | Identified Lgt. Regenerative Plating 8612 | -9/Recycling | Learned location of 1 exit from Storage 8666 | -9/Recycling | Learned location of 2 exits from Materials 8708 | -9/Recycling | Learned Storage terminal intel 8742 | -9/Recycling | Learned location of 1 exit from Storage 8766 | -9/Recycling | Learned Materials emergency access door positions 8787 | -9/Recycling | Learned Materials emergency access door positions 8801 | -9/Recycling | Learned Storage security intel 8819 | -9/Recycling | Discovered new exit (range 5) 8824 | -9/Recycling | Build established: Hacker-Mutant 8826 | -9/Recycling | Learned 2 Storage zone layouts 8860 | -9/Recycling | Learned location of 1 exit from Recycling 9064 | -9/Recycling | Scanned before Scraplab entrance 9124 | -9/Recycling | Found Prototype Energy Gun 9135 | -9/Recycling | Entered Scraplab 9149 | -9/Recycling | Entered Scraptown 9161 | -9/Scraptown | Identified KN-7UR's Autopenetrator 9225 | -9/Scraptown | Visited Bundlers 9234 | -9/Scraptown | Visited Fellowship of the Rings 9249 | -9/Scraptown | Visited Junk Repository 9295 | -9/Scraptown | Visited Supply Room 9317 | -9/Scraptown | Visited TADAMA 9422 | -9/Scraptown | Visited Shadow of the Wyrm 9434 | -9/Scraptown | Visited IN-MT5's Study 9455 | -9/Scraptown | Build established: Mutant 9506 | -9/Scraptown | Visited UFD Registry 9506 | -9/Scraptown | Registered with UFD as "Macepod" 9542 | -9/Scraptown | Visited Chapter 10 9564 | -9/Scraptown | Visited Botcube Research 9586 | -9/Scraptown | Visited Science Guys 9634 | -9/Scraptown | Visited Abandonware Association 9650 | -9/Scraptown | Learned abandonware demo "ERRANTS.EXE" 9650 | -9/Scraptown | Learned abandonware demo "KABOOM.EXE" 9698 | -9/Scraptown | Visited Analyses Database 9726 | -9/Scraptown | Visited DA-N13 Charitable Foundation 9732 | -9/Scraptown | Found DCF Scrap (27 items) 9770 | -9/Scraptown | Visited Infowarlord's Domain 9798 | -9/Scraptown | Visited Research Penetration Think Tank 9836 | -9/Scraptown | Visited Curators Association 9993 | -9/Scraptown | Discovered new exit (range 11) 10625 | -9/Scraptown | Found Lrg. Botcube 12606 | -9/Scraptown | Lrg. Botcube activated 12640 | -9/Scraptown | Lrg. Botcube completed mutation into treaded form, armed with 1 gun, 3 cannons. 12761 | -9/Scraptown | Found Exp. Sensor Array 13557 | -9/Scraptown | Discovered new exit (range 5) 13565 | -9/Scraptown | Warned about trapping Scraptown 13890 | -9/Scraptown | Met Optimus 13890 | -9/Scraptown | Accepted into 0bPrime 14290 | -9/Scraptown | Civil war broke out across Scraptown 14340 | -9/Scraptown | Found PL-3XN's Ring of Power 14373 | -9/Scraptown | Lost 6 allies 14402 | -9/Scraptown | Core integrity fell below 50% 14402 | -9/Scraptown | Optimus destroyed in the chaos of civil war 14525 | -9/Scraptown | Lost 5 allies 14601 | -9/Scraptown | Lost 4 allies 14603 | -9/Scraptown | Lost 4 parts (1p2n1w) 14632 | -9/Scraptown | Core integrity fell below 20% 14684 | -9/Scraptown | Lost 7 allies 14735 | -9/Scraptown | Destroyed by 9E-7YO(b) with Great Maul Last Messages --------------- 14704_ Thermabolt penetrates EO-G0O(j). 14704_ EO-G0O(j) destroyed. 14704_ Thermabolt penetrates Reinforced Barrier. 14706_ Thermabolt penetrates 0B-9L7(j). 14708_ Thermabolt penetrates 9E-7YO(b). 14708_ Thermabolt penetrates 0B-9L7(j). 14708_ Thermabolt penetrates Reinforced Barrier. 14708_ Thermabolt penetrates 0B-9L7(j). 14708_ Thermabolt penetrates 9E-7YO(b). 14708_ Thermabolt penetrates 0B-9L7(j). 14709_ KN-7UR's Autopenetrator destroyed. 14712_ Imp. VSS Leg destroyed. 14712_ System corrupted by crushing effect (+3). 14714_ 0B-9L7(j) cannibalizes Ovr. Titanium Leg to repair Ovr. Titanium Leg. 14714_ 0B-9L7(j) suffers critical hit (Destroy). 14714_ 0B-9L7(j) destroyed. 14715_ Knocked back. 14731_ System corrupted: Component data lost. Map ----- +----------------------------------------------------+ | ##############=[= #???#####" | | ?????????????[%[ [!=! #???#"""" """""""""""" | | ????##???????#=%!%!%=* #???#"""" """""""""""" | | ???? ##??????# !![=!%! #???#"""" ""###### ## | | ####""##?????# !=[*=%!#???#"""" ""# | | / %#?????# =%!%[!=#???#"""" ""# | | % #?????# !!!==%!###?#"""" ""# "" "" | | * #?????# =%=!=!%""#"#"""" [! ""# "" " | | #?????# =%%=%%""""#"""" ""# " | | #?????# !%!!* ""#######" != "" "" | | #?????# ###?????#!%!![ "" "" | | #????## *! #########=[%==[""# " | | #????#"[| =j*!=*%[=[[% "# "" " | | #????#!! !!!]] ![!!%!%%=!== "# "" "" | | ########???### !=!!%%[! =!=!%=[!* # | | ?????###???# # !!=%!%*=! !*=%=[%% "# | | ######"######*=!==!*[!! % !!*[!=!= ! ###### ## | | %*!! !%==*%!!==== [! *%[ % """""""""" | | * !%= %%%%*[*%!%[% !!=== !=[""""""""" | | ! = =!*%%%=%[!!!*%![%%=! !% =! | | ==!%!! !!%[!=!!=/===%!*==*=*%![%%= = = | | !%!=!== =!*!!%!!=*=![!%%!! &[%=[==% | | *%%!%%! [%!%!%!*[!%!%#""""#!==!%%* | | !%!=/= *% [=! =![[#????#"[!!== | | ! *![!*= =%* =[=b#????#""""% """"""""""" | | =%####""#%#"""""#"#"[ ##@#????####### ########### | | [!=#?## =!! *%!" ## ####?????# #?# | | " #??# =["##?#!% #????????### "#?#""" | | " "??# ##?#"%!!#?????????# ""#?#"" | | " "#?#* #??#%*=%#?????????# """"#?#""" | | " "#?# #??##!==#?????????# " ""#?#"""" | | " ##?#" "#???!!%!#?????????# """"#?##### | | "###??## " " ##???#%=[#?????????# ""#?????? | | "?????# # # #????# %!#?????????# ""??????? | | "#?????########????#!!!#?????????## " ???????? | | ##?????????????????#= #??????????""""""""???????? | | ???????????????????# #??????????#######????????? | | ????????############ #?????????????????????????? | | ????????#""""""""""" #?????????????????????????? | | ????????#""""" """"" #?????????????????????????? | | ??#######"""" " "" #????????????????????# ""## | | ??# #??????????????????? | | ### #####"" "" "" " #??????????????????? | | """ "#??#""""""""""" #??????????????????? | | """ "#??#""""""""""" #?????????????????????????# | | """ "#??############ #?????????????????????????? | | "" "#?############# #?????????????????????????? | | "" "#?#"""""""""""# #?????????????????????????? | | " "#?#""/ ! "# #?????????????????????????? | | " "#?#"" ] ] = "# #?????????????????????????? | +----------------------------------------------------+ Best States ------------- Heat Dissipation 59 Energy Generation 29 Energy Capacity 340 Matter Stores 300 Matter Capacity 300 Sight Range 16 Terrain Scan Density 10 Armor Coverage 450 Evasion (%) 50 Recoil Reduction 3 Offensive Hacking 20 Authchip Count 2 Item Schematics ----------------- Imp. Deuterium Engine | -9/Recycling | Hacked Robot Schematics ------------------ S-10 Pest | -9/Recycling | Hacked Fabricated ------------ Nothing Repaired ---------- Nothing Studied --------- None Alien Tech Used ----------------- None Achievements -------------- None Challenges ------------ None Game ------ Seed SniperGravmagSpecial Manual? 0 Play Time 01:26:05 Cumulative 601.9 hours Start 2025.12.08 @ 08:17:10 End 2025.12.08 @ 09:58:46 Sessions 1 Manual Loads 0 Difficulty Rogue Special Mode None Game No. 773 Rogue 773 Adventurer 0 Explorer 0 Win Type - Total 21 Types 10/1/2/2/2/0/2/2/0/0 Lore% 94 Gallery% 90 Achievement% 77 Wizard Run 0 Options --------- Layout 2 ASCII 0 Keyboard 0 Movement Mouse Keybinds 0 Fullscreen 2 Font 24/Smallcaps Map View 50x49 Zoom Use 0% Tactical HUD 1 Map Filters NONE Filters NONE Steam 1 RUN: 3e422354-a557-4c7d-a623-8097bdb904c5